[Event "Ostravsky Konik FIDE-A 2024"]
[Site "Ostrava"]
[Date "2024.04.30"]
[Round "4.3"]
[White "Sobek, Jaroslav"]
[Black "Sernecki, Franciszek"]
[Result "1/2-1/2"]
[ECO "A50"]
[WhiteElo "2201"]
[BlackElo "2342"]
[Annotator "RC"]
[PlyCount "74"]
[EventDate "2024.04.26"]
[EventType "swiss"]
[EventCountry "CZE"]
[SourceTitle "playchess.com"]
[Source "ChessBase"]
[SourceQuality "1"]
[TimeControl "40/5400+30:1800+30"]

1. d4 Nf6 2. c4 e6 3. Bf4 Bb4+ 4. Nd2 d6 5. a3 Bxd2+ 6. Qxd2 O-O 7. Qc2 Qe7 8. Nf3 Nbd7 9. e3 e5 10. Bg3 b6 11. Be2 Bb7 12. d5 a5 13. b3 c6 14. dxc6 Bxc6 15. Bh4 Rfc8 16. O-O b5 17. Qb2 bxc4 18. Bxc4 Rab8 19. Nd2 Nc5 20. Rfc1 Ba8 21. f3 Qa7 22. Bf2 Bd5 23. e4 Bxc4 24. Rxc4 Nfd7 25. Qc2 Qa6 26. Bxc5 Rxc5 27. Rc1 h6 28. Qc3 Rbc8 29. Qe3 Qb5 30. Kf2 R8c6 31. Rxc5 Nxc5 32. Rc4 Rb6 33. Rc3 Ne6 34. Qd3 Qxd3 35. Rxd3 Nc5 36. Rc3 Kf8 37. Ke2 Ke7 1/2-1/2

[Event "Ostravsky Konik FIDE-A 2024"]
[Site "Ostrava"]
[Date "2024.04.30"]
[Round "4.4"]
[White "Ugorek, Kacper"]
[Black "Rudolf, Michal"]
[Result "1/2-1/2"]
[ECO "D10"]
[WhiteElo "2034"]
[BlackElo "2268"]
[Annotator "NA COMBH"]
[PlyCount "101"]
[EventDate "2024.04.26"]
[EventType "swiss"]
[EventCountry "CZE"]
[SourceTitle "playchess.com"]
[Source "ChessBase"]
[SourceQuality "1"]
[TimeControl "40/5400+30:1800+30"]

1. d4 d5 2. c4 c6 3. cxd5 cxd5 4. Bg5 h6 5. Bh4 Qb6 6. Nc3 e6 7. Qd2 Nc6 8. e3 Be7 9. Bxe7 Ngxe7 10. Bd3 e5 11. dxe5 Nxe5 12. Bb5+ N5c6 13. Nf3 Be6 14. O-O O-O 15. Rac1 Rad8 16. Bxc6 Nxc6 17. Na4 Qc7 18. Nd4 Qd6 19. Nxc6 bxc6 20. Nc5 Rb8 21. b3 Rb5 22. Qc3 Rc8 23. Rfd1 Qb8 24. Rd4 Qe5 25. Ra4 Qxc3 26. Rxc3 a5 27. Rf4 Re8 28. Rd4 Rc8 29. Rd1 Kf8 30. Rdc1 Rb6 31. Na4 Ra6 32. Nc5 Rb6 33. Na4 Ra6 34. Rc5 Ke7 35. Nc3 Rb8 36. Ne2 a4 37. Rxc6 Rxc6 38. Rxc6 axb3 39. axb3 Rxb3 40. Rc1 Rb2 41. Nd4 Kd6 42. h4 Bd7 43. Rc2 Rxc2 44. Nxc2 g5 45. hxg5 hxg5 46. Nd4 f6 47. Kf1 Ke5 48. Ke2 Ke4 49. f3+ Ke5 50. Kf2 f5 51. g3 1/2-1/2

[Event "Ostravsky Konik FIDE-A 2024"]
[Site "Ostrava"]
[Date "2024.04.30"]
[Round "4.5"]
[White "Swicarz, Maciej"]
[Black "Mrva, Marek"]
[Result "1-0"]
[ECO "A78"]
[WhiteElo "2251"]
[BlackElo "2075"]
[Annotator "NA RC"]
[PlyCount "57"]
[EventDate "2024.04.26"]
[EventType "swiss"]
[EventCountry "CZE"]
[SourceTitle "playchess.com"]
[Source "ChessBase"]
[SourceQuality "1"]
[TimeControl "40/5400+30:1800+30"]

1. d4 Nf6 2. c4 c5 3. d5 e6 4. Nc3 exd5 5. cxd5 d6 6. Nf3 g6 7. Nd2 Bg7 8. e4 O-O 9. Be2 Na6 10. O-O Nc7 11. a4 b6 12. Re1 Re8 13. h3 Rb8 14. Bb5 Nd7 15. Nc4 Qf6 16. Be3 a6 17. Bxd7 Bxd7 18. Qd2 Bf8 19. e5 dxe5 20. Bg5 Qg7 21. Ne4 Bf5 22. Nf6+ Kh8 23. d6 Rec8 24. dxc7 Rxc7 25. Nd5 Rc6 26. Nxe5 Rd6 27. Nc4 Rc6 28. Qf4 Rb7 29. Re8 1-0

[Event "Ostravsky Konik FIDE-A 2024"]
[Site "Ostrava"]
[Date "2024.04.30"]
[Round "4.6"]
[White "Mannion, Stephen R"]
[Black "Meers, Hubert"]
[Result "1/2-1/2"]
[ECO "B42"]
[WhiteElo "2159"]
[BlackElo "2250"]
[Annotator "TA"]
[PlyCount "58"]
[EventDate "2024.04.26"]
[EventType "swiss"]
[EventCountry "CZE"]
[SourceTitle "playchess.com"]
[Source "ChessBase"]
[SourceQuality "1"]
[TimeControl "40/5400+30:1800+30"]

1. e4 c5 2. Nf3 e6 3. d4 cxd4 4. Nxd4 a6 5. Bd3 Bc5 6. Nb3 Ba7 7. Qe2 Nc6 8. Be3 d6 9. O-O Nf6 10. c4 O-O 11. Nc3 Qc7 12. Bxa7 {[%emt 0:00:30] White is slightly better.} Rxa7 13. Rad1 Nd7 14. Qe3 b6 15. Be2 {[%emt 0:00:30] White is more active.} Nc5 16. Rd2 (16. Nd4 $16) 16... Qb8 (16... Nxb3 $14 17. axb3 h6) 17. Rfd1 Rd7 18. Nd4 Bb7 19. Nxc6 Bxc6 20. b4 Na4 21. e5 Nxc3 22. Qxc3 Ba4 23. Rc1 {Hoping for b5.} dxe5 24. Rxd7 Bxd7 25. c5 bxc5 26. bxc5 Bc6 27. Bxa6 Qa8 28. Bf1 e4 (28... Qxa2 $11 29. Qxe5 Rc8) 29. Bc4 (29. a4 $1 $14) 29... Rd8 {Weighted Error Value: White=0.17 (very precise) /Black=0.17 (very precise) .  Mistake:       	White=2     	Black=2      Inaccurate:     	White=2     	---        OK:         	White=7     	Black=8      Best:        	---       	Black=2} 1/2-1/2

[Event "Ostravsky Konik FIDE-A 2024"]
[Site "Ostrava"]
[Date "2024.04.30"]
[Round "4.7"]
[White "Goluch, Piotr"]
[Black "Vrnata, Jiri"]
[Result "1-0"]
[ECO "A42"]
[WhiteElo "2325"]
[BlackElo "2057"]
[Annotator "TA"]
[PlyCount "75"]
[EventDate "2024.04.26"]
[EventType "swiss"]
[EventCountry "CZE"]
[SourceTitle "playchess.com"]
[Source "ChessBase"]
[SourceQuality "1"]
[TimeControl "40/5400+30:1800+30"]

1. d4 g6 2. c4 d6 3. Nc3 Bg7 4. Nf3 Nd7 5. e4 c6 6. Be3 a6 7. Be2 Ngf6 8. h3 b5 (8... e5 $14) 9. cxb5 (9. e5 $142) 9... axb5 $16 10. e5 dxe5 (10... Nd5 $14) 11. dxe5 Ng8 {Black is weak on the dark squares} 12. Qd4 {White is more active.} Qc7 13. Bf4 Qb6 {White leaves nothing to chance now.} (13... Nf8 $142) 14. Qd2 {aiming for 0-0.} Nf8 (14... Qa5 $16 15. Rd1 h5) 15. O-O Ne6 16. Be3 Qb7 (16... Qd8 {was called for.} 17. Qxd8+ Kxd8 18. Rfd1+ (18. a4 bxa4 19. Bd3 Nh6 $18) 18... Kc7) 17. Rfd1 h5 18. Nd4 Bd7 19. a4 {[%emt 0:00:30] [#] And now Nxe6 would win.} b4 20. Ne4 {[%emt 0:00:30][%cal Bc3e4,Be4c5,Bc5a6][%mdl 32] Bc4 is the strong threat.} Bxe5 21. Nxe6 Bxe6 22. Nc5 Qc8 {[%emt 0:00:30] [#]} 23. Ba6 $1 Rxa6 (23... Qc7 24. Bb7) 24. Nxa6 Nf6 25. Nc5 $40 {[%emt 0:00:30][%cal Oc5e6][%mdl 128] Prevents Bb3. White has strong attack.} O-O 26. Bf4 (26. Qxb4 $6 Bxh3 27. Nd3 (27. gxh3 Qxh3 28. Bf4 Qg4+ 29. Kf1 Bxf4 $17) 27... Bc7 $16) 26... Bxf4 27. Qxf4 Nd5 28. Qe5 {[%emt 0:00:30] Nxe6 would now be deadly.} Bf5 29. a5 f6 30. Qg3 e5 31. a6 Rf7 32. Qb3 {[%emt 0:00:30] Strongly threatening Rxd5. White is clearly winning.} ({Not} 32. a7 Qa8 $16) 32... Qa8 33. Ra4 Kg7 34. Rxb4 Nxb4 35. Qxb4 {[%emt 0:00:30] Hoping for g4.} g5 (35... e4 $142 36. Rd6 (36. Nxe4 Bxe4 37. Qxe4 Qxa6 $11) 36... g5) 36. Qb6 Qf8 (36... Qa7 $142 37. Qxc6 Rf8 38. Qb7+ (38. b4 Qf7 $18) 38... Qxb7 39. axb7 Rb8) 37. Rd8 $18 Qe7 38. Nb7 {[%emt 0:00:30] Weighted Error Value: White=0.24 (precise) /Black=0.35.  Mistake:       	White=1     	Black=7      Inaccurate:     	White=2     	---        OK:         	White=11    	Black=11     Best:        	White=1     	Black=1} 1-0

[Event "Ostravsky Konik FIDE-A 2024"]
[Site "Ostrava"]
[Date "2024.05.01"]
[Round "5.1"]
[White "Nguyen, Piotr"]
[Black "Decuigniere, Tom"]
[Result "1/2-1/2"]
[ECO "D44"]
[WhiteElo "2398"]
[BlackElo "2401"]
[Annotator "TA"]
[PlyCount "104"]
[EventDate "2024.04.26"]
[EventType "swiss"]
[EventCountry "CZE"]
[SourceTitle "playchess.com"]
[Source "ChessBase"]
[SourceQuality "1"]
[TimeControl "40/5400+30:1800+30"]

1. d4 d5 2. c4 c6 3. Nf3 Nf6 4. Nc3 e6 5. Bg5 dxc4 6. e4 b5 7. e5 h6 8. Bh4 g5 9. Nxg5 hxg5 10. Bxg5 Nbd7 11. g3 Bb7 12. Bg2 Qb6 13. exf6 (13. Bxf6 Nxf6 14. exf6 O-O-O $11) 13... c5 14. dxc5 (14. d5 $5 O-O-O 15. O-O $14) 14... Bxc5 15. O-O O-O-O (15... Ne5 $14) 16. Qe2 $16 Bd4 17. a4 {[%emt 0:10:04] aiming for Bxb7+.} a6 18. axb5 axb5 19. Be3 (19. h4 $16) 19... Nc5 $2 (19... Bxg2 $14 20. Kxg2 Qc6+ 21. f3 Bxe3 22. Qxe3 Nxf6) 20. Bxd4 $1 $18 Rxd4 21. Bxb7+ Kxb7 22. Qf3+ (22. Ra2 $18) 22... Qc6 $16 {[%emt 0:01:06] [#]} 23. Ra7+ $3 Kb6 24. Qxc6+ Kxc6 25. Rxf7 (25. Rc7+ $1 $16 Kb6 26. Rxf7) 25... b4 (25... Rd2 $1 $14) 26. Nd1 $1 Nd3 {[%emt 0:10:01] [#]} (26... b3 $16 27. h4 Nd3) 27. h4 (27. Ne3 $1 $18 {has better winning chances.}) 27... Re4 (27... Rd7 $16 28. Rg7 Rxg7 29. fxg7 Rg8) 28. Kg2 Ne1+ 29. Kh3 Nf3 {[%emt 0:00:00] [#]} 30. Rg7 {[%emt 0:00:24] Dodges Ng5+} Rf8 31. f7 Ne5 32. Ne3 Nxf7 33. Rg4 (33. Ra1 $142) 33... Rxg4 34. Nxg4 {[%emt 0:00:01][%mdl 4096] Endgame. KRN-KRN} Kc5 35. Re1 (35. Rc1 $16) 35... Kd6 (35... c3 $14) 36. f4 {[%emt 0:03:48] White is more active.} Rc8 37. Ne3 ({Better is} 37. Kg2 $16) 37... c3 $11 38. bxc3 Rxc3 39. f5 exf5 40. Nxf5+ Kd5 41. Re7 Ne5 42. Rb7 b3 (42... Kc5 $5) 43. h5 Ke4 44. Nh4 Nd3 45. Ng6 {[%emt 0:00:00] Black must now prevent h6.} b2 {[%emt 0:00:47] The position is equal.} 46. h6 {[%emt 0:00:00] h7 would now be deadly.} Rc1 47. Kg2 {[%emt 0:00:00] Hoping for h7.} ({Avoid the trap} 47. h7 $2 Rh1+ 48. Kg2 Rxh7 $19 (48... b1=R 49. Rxb1 Rxh7 50. Rf1 $14)) 47... b1=Q (47... b1=B $2 {perishes.} 48. h7 Ne1+ 49. Kh3 $18) 48. Rxb1 Rxb1 49. h7 Rb8 50. h8=Q Rxh8 51. Nxh8 Nf4+ 52. gxf4 Kxf4 {[%emt 0:03:46] Black escapes into a draw.   Weighted Error Value: White=0.19 (very precise) /Black=0.29 (precise) .  Loses game:     	---       	Black=1      Mistake:       	White=7     	Black=5      Inaccurate:     	White=1     	Black=1      OK:         	White=13    	Black=11     Best:        	White=3     	Black=8      Strong:       	White=2     	---        Brilliant:      	White=1     	---} 1/2-1/2

[Event "Ostravsky Konik FIDE-A 2024"]
[Site "Ostrava"]
[Date "2024.05.01"]
[Round "5.2"]
[White "Sernecki, Franciszek"]
[Black "Swicarz, Maciej"]
[Result "0-1"]
[ECO "D85"]
[WhiteElo "2342"]
[BlackElo "2251"]
[Annotator "TA"]
[PlyCount "136"]
[EventDate "2024.04.26"]
[EventType "swiss"]
[EventCountry "CZE"]
[SourceTitle "playchess.com"]
[Source "ChessBase"]
[SourceQuality "1"]
[TimeControl "40/5400+30:1800+30"]

1. d4 Nf6 2. c4 g6 3. Nc3 d5 4. cxd5 Nxd5 5. e4 Nxc3 6. bxc3 Bg7 7. Nf3 c5 8. Bb5+ Bd7 9. Be2 O-O 10. O-O Bg4 {[%emt 0:01:51] D85: Exchange Grünfeld: Unusual White 7th moves and lines with 7 Nf3.} 11. Be3 Qc7 12. Rc1 Nd7 13. Qb3 e5 14. Rfd1 b6 15. h3 Bxf3 16. Bxf3 Rad8 17. a4 Qb8 $146 ({Predecessor:} 17... Rfe8 18. Qb5 c4 19. d5 Nf6 20. a5 Rd6 21. axb6 axb6 22. Rb1 Rb8 23. Rb4 Rc8 24. Bxb6 Qd7 {1-0 Taboas Rodriguez,D (2359)-Pina Sierra,J (2061) Madrid-chT Honor 2009 (11)}) 18. d5 f5 19. Rb1 Qd6 20. a5 Rb8 21. Qa4 Rfc8 22. Be2 Nf6 23. f3 Bf8 24. Ba6 Rc7 25. Qc4 Kh8 26. Bb5 f4 (26... bxa5 $142 27. Ba4 Rxb1 28. Rxb1 Rf7) 27. Bf2 $16 g5 28. Bc6 Qd8 29. axb6 ({White should play} 29. Qa6 $18) 29... axb6 $16 30. Qa6 Rg7 {[%emt 0:01:41] [#]} 31. d6 ({White should try} 31. Kf1 $1 $16 ) 31... Bxd6 $14 32. Qd3 ({Better is} 32. Rd2 $14 Qc7 33. Rdb2) 32... Bc7 $11 33. Qc4 Qe7 34. Rd3 h5 35. Rbd1 Rd8 36. Rxd8+ Bxd8 37. Qa6 Qc7 38. Qa8 Rg8 39. Bd5 Rf8 40. Be6 Be7 41. Qa2 Rd8 42. Ra1 Rd6 43. Qa8+ Qd8 44. Qxd8+ Bxd8 45. Bc4 Kg7 46. Kf1 g4 47. hxg4 hxg4 48. Ke2 g3 49. Be1 (49. Ra7+ $15 {should be considered.} Rd7 50. Rxd7+ Nxd7 51. Be1) 49... Ne8 $1 $17 50. Bd5 Nc7 51. c4 Rh6 $1 52. Bc3 Kf6 53. Rb1 $2 (53. Kd3 $17 {is more resistant.}) 53... Nxd5 $1 $19 54. exd5 Rh2 55. Rg1 b5 56. Kd3 (56. cxb5 $142 c4 57. Kd1) 56... b4 $19 57. Bb2 Kf5 58. Bc1 Bf6 59. Bb2 Bg7 60. Ba1 Rh8 61. Bb2 Ra8 (61... Rh4 $142 {White must now prevent ...Rh8.} 62. Re1 Rh2) 62. Ra1 $2 {[%emt 0:01:34] [#]} (62. Re1 $19) 62... Rxa1 $1 63. Bxa1 e4+ 64. fxe4+ Kg6 65. e5 {[%emt 0:00:42] [#]} f3 $1 (65... Kf5 66. d6 (66. e6 $2 Bf6 $19) 66... f3 (66... Bxe5 $2 67. Bxe5 Ke6 68. Bxf4 $18) 67. d7 fxg2 68. d8=Q $11) 66. d6 Kf7 67. d7 Ke7 ({Weaker is} 67... fxg2 68. d8=Q g1=Q (68... g1=R 69. e6+ Kg6 70. Qe8+ Kg5 71. Qe7+ Kh5 72. Qxg7 Rd1+ 73. Ke2) 69. Qd7+ (69. e6+ Kxe6 70. Qe8+ Kd6 $11) 69... Kf8 70. Qc8+ Ke7 71. Qb7+ Kf8 72. Qc8+ Ke7 73. Qb7+ Kf8 74. Qc8+ $11) 68. gxf3 g2 0-1

[Event "Ostravsky Konik FIDE-A 2024"]
[Site "Ostrava"]
[Date "2024.05.01"]
[Round "5.3"]
[White "Bujnoch, Radek"]
[Black "Sobek, Jaroslav"]
[Result "1-0"]
[ECO "D45"]
[WhiteElo "2307"]
[BlackElo "2201"]
[Annotator "RC"]
[PlyCount "122"]
[EventDate "2024.04.26"]
[EventType "swiss"]
[EventCountry "CZE"]
[SourceTitle "playchess.com"]
[Source "ChessBase"]
[SourceQuality "1"]
[TimeControl "40/5400+30:1800+30"]

1. d4 d5 2. c4 c6 3. Nc3 e6 4. e3 Nf6 5. Nf3 Nbd7 6. Be2 Bd6 7. O-O O-O 8. b3 b6 9. Bb2 Bb7 10. Bd3 Re8 11. Re1 Rc8 12. Rc1 Qe7 13. e4 dxc4 14. bxc4 e5 15. d5 Ba3 16. Bxa3 Qxa3 17. Qb3 Qa5 18. Nd2 Ba6 19. Bf1 Red8 20. a3 Bb7 21. Qb4 Qc5 22. Nb3 Qf8 23. Qxf8+ Kxf8 24. f3 Ne8 25. Red1 cxd5 26. cxd5 Nc5 27. Nxc5 Rxc5 28. Nb5 Rxc1 29. Rxc1 a6 30. Nc3 Rc8 31. Kf2 Nd6 32. Ke3 b5 33. Kd2 Rc5 34. Na2 Rxc1 35. Nxc1 f5 36. Bd3 fxe4 37. fxe4 Bc8 38. Kc3 Ke7 39. Nb3 Nb7 40. Kb4 Kd6 41. a4 bxa4 42. Kxa4 Nc5+ 43. Nxc5 Kxc5 44. Ka5 g5 45. Bxa6 Bd7 46. Bd3 Bc8 47. g3 Kd4 48. Bc2 Kc3 49. Bb1 Kb2 50. Bd3 Kc3 51. Ba6 Bg4 52. d6 Kd4 53. Kb6 Kxe4 54. Kc7 Kd5 55. Bb7+ Kc5 56. d7 Bxd7 57. Kxd7 Kd4 58. Ke6 e4 59. Kf5 e3 60. Ba6 h6 61. Kg6 Kd5 1-0

[Event "Ostravsky Konik FIDE-A 2024"]
[Site "Ostrava"]
[Date "2024.05.01"]
[Round "5.4"]
[White "Kondys, Piotr"]
[Black "Romanishin, Oleg M"]
[Result "1/2-1/2"]
[ECO "B27"]
[WhiteElo "2048"]
[BlackElo "2372"]
[Annotator "TA"]
[PlyCount "117"]
[EventDate "2024.04.26"]
[EventType "swiss"]
[EventCountry "CZE"]
[SourceTitle "playchess.com"]
[Source "ChessBase"]
[SourceQuality "1"]
[TimeControl "40/5400+30:1800+30"]

1. e4 c5 2. Nf3 g6 3. c3 Bg7 4. d4 Qa5 5. Nbd2 cxd4 6. Nb3 {[%emt 0:03:42] B27: Sicilian: 2 Nf3, unusual Black 2nd moves.} Qd8 7. cxd4 d6 8. Bd3 Nc6 9. h3 Nf6 10. Be3 O-O 11. O-O Nb4 $146 ({Predecessor:} 11... Bd7 12. Rc1 a5 13. d5 Nb4 14. Bb1 Ba4 15. Nfd4 Na6 16. Qe2 Bxb3 17. Nxb3 a4 {0-1 Petr,J (2236)-Sokolov,A (2354) CZE-chT1W 2122 2021 (7.6)}) 12. Bb1 Bd7 13. a3 Na6 14. Qe2 Qb6 15. Nfd2 Ba4 16. d5 Qd8 17. Nd4 Nc5 18. b4 Ncd7 19. Bd3 a6 20. f4 Nb6 21. Rac1 Rc8 22. Qf2 Nfd7 (22... Rxc1 $14 {was preferrable.} 23. Rxc1 Bd7) 23. N2b3 (23. N2f3 $16) 23... Bxb3 24. Nxb3 Na4 25. Rxc8 Qxc8 26. Rc1 Qb8 27. Ba7 Qd8 28. Na5 Ndc5 29. Bc2 ({Reject} 29. bxc5 Qxa5 30. cxd6 exd6 $11) 29... Nc3 $1 30. Re1 ({White should play} 30. e5 $1 $14) 30... Nb5 (30... Qc7 $1 $15 31. e5 Nd7) 31. Bxc5 $11 dxc5 32. e5 $1 (32. Nxb7 $2 {is the wrong capture.} Qc7 33. e5 (33. Nxc5 $2 {too greedy.} Bd4 $19) 33... Qxb7 $19) 32... cxb4 33. axb4 Qxd5 34. Be4 Qe6 35. Nxb7 Qb3 36. Nc5 Qxb4 37. Nxa6 Qa3 38. Qb6 Nc3 39. Qb4 Qxb4 40. Nxb4 Nxe4 41. Rxe4 Rc8 42. Nd5 Bf8 43. e6 fxe6 44. Rxe6 Kf7 45. Re4 e6 46. Ne3 Rc1+ 47. Kf2 Bc5 48. Kf3 h5 49. g4 Rc3 50. gxh5 gxh5 51. Re5 Bd4 52. Re4 Bb6 53. Ke2 Rb3 54. Kf3 Kf6 55. Re5 Ba7 56. Re4 Rb5 57. Kg3 Rb2 58. Re5 Rb4 (58... Bd4 $5 59. Re4 $8 Ba7 $11) 59. Kf3 1/2-1/2

[Event "Ostravsky Konik FIDE-A 2024"]
[Site "Ostrava"]
[Date "2024.05.01"]
[Round "5.5"]
[White "Vesely, Martin"]
[Black "Goluch, Piotr"]
[Result "1/2-1/2"]
[ECO "E94"]
[WhiteElo "2027"]
[BlackElo "2325"]
[Annotator "TA"]
[PlyCount "66"]
[EventDate "2024.04.26"]
[EventType "swiss"]
[EventCountry "CZE"]
[SourceTitle "playchess.com"]
[Source "ChessBase"]
[SourceQuality "1"]
[TimeControl "40/5400+30:1800+30"]

1. d4 Nf6 2. Nf3 g6 3. c4 Bg7 4. Nc3 O-O 5. e4 d6 6. Be2 e5 7. O-O Bg4 8. d5 a5 9. Bg5 h6 10. Bh4 Bxf3 (10... Na6 $14) 11. Bxf3 $16 {[%emt 0:00:11] White is better.} Qe8 12. a3 Na6 13. Rb1 Nh7 14. b4 {[%emt 0:06:58] Black is weak on the light squares} f5 (14... Bf6 $14 15. Bxf6 Nxf6) 15. exf5 (15. bxa5 $6 f4 $11) 15... gxf5 16. Bh5 Qd7 17. Qd3 (17. bxa5 $6 Nc5 $11) 17... Bf6 18. Bxf6 Rxf6 (18... Nxf6 $142 19. Bg6 Ne8) 19. f4 $36 {[%emt 0:00:47][%mdl 2048] White is on the roll.} (19. bxa5 Nc5 20. Qd2 Rxa5 $16) 19... e4 (19... axb4 {was worth a try.} 20. axb4 e4) 20. Qh3 $18 {[%emt 0:00:31] Strongly threatening Nxe4.} Qg7 21. Rfe1 (21. bxa5 $6 Nc5 $16) 21... Kh8 22. Re3 {[%emt 0:00:50] Hoping for Rg3.} (22. bxa5 $6 Nc5 $11) 22... axb4 23. axb4 c5 (23... Rff8 $16 24. Ne2 Rg8) 24. dxc6 bxc6 25. Rg3 Qa7+ 26. Kf1 {[%emt 0:08:22] Active counter play!} ({White must play} 26. Kh1 $16) 26... Qd4 (26... Nc7 $1 $14) 27. Bg6 $16 Qxc4+ {[%emt 1:07:09] [#]} 28. Ne2 $1 Rg8 29. Qxh6 ({Reject} 29. Bxf5 $6 Rgf8 30. Qg4 Ng5 $11) 29... Rg7 {[%emt 0:00:00][%cal Oa6c7] [#]} 30. Qh5 {[%emt 0:00:00] Chess con chili.} ({White should try} 30. Ra1 $1 $16 {Black must now prevent Qh5.} Nc7 31. Raa3) 30... Qe6 $14 31. Nd4 Qc4+ {[%emt 0:00:00] The position is equal.} 32. Ne2 {[%emt 0:00:00] Bxh7 is the strong threat.} Qe6 33. Nd4 Qc4+ {[%emt 0:00:00] Weighted Error Value: White=0.25 (precise) /Black=0.23 (precise) .  Mistake:       	White=2     	Black=6      Inaccurate:     	White=4     	Black=1      OK:         	White=10    	Black=9      Best:        	White=2     	Black=3      Strong:       	White=1     	---} 1/2-1/2

[Event "Ostravsky Konik FIDE-A 2024"]
[Site "Ostrava"]
[Date "2024.05.01"]
[Round "5.6"]
[White "Rudolf, Michal"]
[Black "Fizer, Marek"]
[Result "1/2-1/2"]
[ECO "B42"]
[WhiteElo "2268"]
[BlackElo "2096"]
[Annotator "NA RC"]
[PlyCount "73"]
[EventDate "2024.04.26"]
[EventType "swiss"]
[EventCountry "CZE"]
[SourceTitle "playchess.com"]
[Source "ChessBase"]
[SourceQuality "1"]
[TimeControl "40/5400+30:1800+30"]

1. e4 c5 2. Nf3 e6 3. d4 cxd4 4. Nxd4 a6 5. Bd3 Bc5 6. Nb3 Ba7 7. Qe2 Nc6 8. Be3 d6 9. O-O Nf6 10. c4 O-O 11. Nc3 Qc7 12. Bxa7 Rxa7 13. Rad1 Nd7 14. Qe3 b6 15. Be2 Nc5 16. Rd2 Qb8 17. Rfd1 Rd7 18. Nd4 Bb7 19. Nxc6 Bxc6 20. b4 Na4 21. e5 Nxc3 22. Qxc3 Ba4 23. Rc1 dxe5 24. Rxd7 Bxd7 25. c5 bxc5 26. bxc5 Bc6 27. Bxa6 Qa8 28. Bf1 e4 29. Bc4 Rd8 30. Be2 Rf8 31. Bc4 Rd8 32. Bf1 Rf8 33. a3 Rb8 34. Rd1 Qa4 35. Qe5 Ra8 36. Qd6 h6 37. Rd4 1/2-1/2

[Event "Ostravsky Konik FIDE-A 2024"]
[Site "Ostrava"]
[Date "2024.05.01"]
[Round "5.7"]
[White "Backiel, Hubert"]
[Black "Zdybel, Przemyslaw"]
[Result "0-1"]
[ECO "B33"]
[WhiteElo "2129"]
[BlackElo "2264"]
[Annotator "TA"]
[PlyCount "96"]
[EventDate "2024.04.26"]
[EventType "swiss"]
[EventCountry "CZE"]
[SourceTitle "playchess.com"]
[Source "ChessBase"]
[SourceQuality "1"]
[TimeControl "40/5400+30:1800+30"]

1. e4 c5 2. Nf3 e6 3. d4 cxd4 4. Nxd4 Nc6 5. Nc3 Nf6 6. Ndb5 d6 7. Bf4 e5 8. Bg5 a6 9. Na3 b5 10. Bxf6 gxf6 11. Nd5 f5 12. g3 fxe4 13. Bg2 Bf5 14. O-O {[%mdl 1024] White has compensation.} Bg7 15. c3 O-O 16. Qe2 {[%emt 0:00:30] The position is equal.} Rc8 17. Rad1 Qg5 (17... Be6 $11) 18. Ne3 {[%emt 0:00:30] A dynamic duo of knights.} Bg6 19. h4 $1 Qh6 20. Rxd6 f5 21. Bh3 {[%cal Oe3f5] Strongly threatening Nxf5!} Ne7 22. Nac2 ({White should try} 22. Rxa6 $16 Rcd8 23. Nxb5) 22... Rf6 (22... Bh5 $6 23. Qd2 Bg6 (23... Rf6 24. Nxf5 Nxf5 25. Qxh6 $16) 24. Rd7 $16 (24. Rxa6 Rcd8 $14)) 23. Rxf6 Bxf6 24. Nb4 Rf8 (24... Kh8 $11 {remains equal.}) 25. Nbd5 (25. Nxa6 $16 {[%cal Oa6c5] Nc5! is the strong threat.} Bh5 26. Qxb5) 25... Nxd5 $11 26. Nxd5 Bd8 27. Qe3 Qg7 28. Qc5 f4 29. Kh2 $1 Kh8 (29... e3 {feels hotter.} 30. gxf4 exf2 31. f5 Bxf5 32. Qxf2 Bxh3 33. Qxf8+ Qxf8 34. Rxf8+ Kxf8 35. Kxh3 Kf7) 30. Qd6 $2 {[%emt 0:00:30] [#] Black continues to play with concentration.} (30. Rg1 $11 {and White is okay.}) 30... e3 $1 $19 31. fxe3 {[%emt 0:00:30] [#]} (31. gxf4 $2 {perishes.} e2 32. Re1 Bh5 $19 (32... Bxh4 33. Rxe2 Bh5 34. Qxe5 $17)) 31... Bd3 $1 ({And not} 31... fxg3+ 32. Kg1 Re8 33. Bd7 $11 (33. Qxa6 $2 {too greedy.} Bd3 $19)) 32. exf4 Bxf1 33. Bxf1 exf4 34. Nxf4 Bc7 $40 {[%emt 0:00:30][%mdl 128] Black attacks with force.} 35. Qd2 Qf6 36. Kh3 (36. Bg2 {might work better.}) 36... Qf5+ {[%emt 0:00:30] Black is clearly winning.} 37. Kh2 Bxf4 38. gxf4 Qxf4+ 39. Qxf4 Rxf4 {[%emt 0:00:30][%mdl 4096] Endgame. KR-KB} 40. Kg2 Rxh4 41. b4 (41. Kg3 $142 Re4 42. Kf2) 41... Kg7 {[%emt 0:30:30] Threatens to win with ...Rh6.} 42. Kg3 Rh1 43. Kg2 Rh6 {[%emt 0:00:30] White must now prevent ...Rc6.} 44. c4 bxc4 45. Bxc4 Rh4 46. Bxa6 Rxb4 47. Kg3 Ra4 48. Bb5 Rxa2 {[%emt 0:00:30] Weighted Error Value: White=0.75/Black=0.28 (precise) .  Loses game:     	White=1     	---        Mistake:       	White=4     	Black=2      Inaccurate:     	White=2     	Black=2      OK:         	White=5     	Black=8      Best:        	White=1     	Black=2      Strong:       	White=2     	Black=1      Brilliant:      	---       	Black=1} 0-1